 Dungeon Crawl Stone Soup version 0.26-a0-259-g1effd001a9 (webtiles) character file.

Game seed: 5464653576063120658

50 funkygono the Shield-Bearer (level 3, -1/33 HPs)
             Began as a Minotaur Fighter on July 18, 2020.
             Slain by a worm (8 damage)
             ... on level 2 of the Dungeon.
             The game lasted 00:02:22 (1302 turns).

funkygono the Shield-Bearer (Minotaur Fighter)      Turns: 1302, Time: 00:02:23

Health: -1/33      AC:  7    Str: 21    XL:     3   Next: 55%
Magic:  2/2        EV:  8    Int:  5    God:
Gold:   77         SH:  9    Dex:  9    Spells: 2/2 levels left

rFire    . . .     SeeInvis .   a - +1 flail
rCold    . . .     Faith    .   c - +0 kite shield
rNeg     . . .     Spirit   .   b - +0 scale mail
rPois    .         Reflect  .   (helmet restricted)
rElec    .         Harm     .   (no cloak)
rCorr    .                      (no gloves)
MR       .....                  (no boots)
Stlth    +.........             (no amulet)
HPRegen  0.11/turn              h - ring of stealth
MPRegen  0.08/turn              (no ring)

@: no status effects
A: retaliatory headbutt, horns 2
a: no special abilities


You were on level 2 of the Dungeon.
You were not hungry.

You visited 1 branch of the dungeon, and saw 2 of its levels.

You collected 77 gold pieces.

Inventory:

Hand Weapons
 a - a +1 flail (weapon)
 k - a +0 hunting sling
Missiles
 i - 22 bolts
 l - 78 stones (quivered)
Armour
 b - a +0 scale mail (worn)
 c - a +0 kite shield (worn)
Jewellery
 h - a ring of stealth (left hand)
Scrolls
 m - a scroll of fog
Potions
 d - a potion of might
 e - 2 potions of lignification {unknown}
 g - 2 potions of degeneration {unknown}
 j - a potion of curing {unknown}
Comestibles
 f - 9 rations


   Skills:
 + Level 3.9 Fighting
 + Level 2.7 Maces & Flails
 + Level 4.3 Armour
 + Level 0.9 Dodging
 + Level 0.3 Stealth
 + Level 4.3 Shields


You had 2 spell levels left.
You didn't know any spells.
Your spell library was empty.

Dungeon Overview and Level Annotations

Branches:
Dungeon (2/15)

Altars:


Innate Abilities, Weirdness & Mutations

You reflexively headbutt those who attack you in melee.
You have a pair of horns on your head.


Message History

Found 15 gold pieces.
The worm bites you! The orc hits you but does no damage.
You hit the orc but do no damage. You headbutt the orc!
You kill the orc!
The worm bites you!
You see here a +0 short sword.
You hit the worm. Your headbutt misses the worm.
The worm is moderately wounded.
The worm bites you.
You sock the worm!
The worm is almost dead.
The worm bites you.
* * * LOW HITPOINT WARNING * * *
You hit the worm.
The worm is almost dead.
You hit the worm but do no damage.
The worm is almost dead.
The worm bites you!
You die...

..# . ##..# .###.
....# .#.# #.#..#
#..# .....# #..#
###.....#
#..###......$#
######..#@........#
.........#w.......#
#####..#.###.....#
#..### ...>.#
#..#####..#..#
#............#
#.######.###.# #..#
.# # ##.#


You could see a worm.

Vanquished Creatures
  2 oozes (D:1)
  3 dart slugs
  An orc (D:2)
  A giant cockroach (D:1)
  7 hobgoblins
  A jackal (D:1)
  3 bats (D:1)
  2 frilled lizards
  8 goblins (D:1)
  2 kobolds
  2 rats (D:1)
32 creatures vanquished.

Notes
Turn   | Place    | Note
-------+----------+-------------------------------------------
     0 | D:1      | funkygono the Minotaur Fighter began the quest for the Orb.
     0 | D:1      | Reached XP level 1. HP: 19/19 MP: 0/0
   149 | D:1      | Reached XP level 2. HP: 27/27 MP: 1/1
   487 | D:1      | Reached XP level 3. HP: 33/33 MP: 2/2
  1302 | D:2      | Slain by a worm

Illustrated notes

Levels and vault maps discovered:
D:1:      dpeg_arrival_windows_large_door, layout_loops_ring,
          serial_bayou_pond_a, minmay_box_of_dots
D:2:      layout_loops_ring, eino_tiny_chamber

Skill      XL: |  1  2 |
---------------+-------+-----
Armour         | 4 |  4.3
Shields        | 4 |  4.3
Fighting       | |  3.9
Maces & Flails | |  2.7
Dodging        | |  0.9
Stealth        | |  0.3

Action                   || total
-------------------------++-------
Melee: Flail             ||    73
       Headbutt          ||    11
  Use: Scroll            ||     2
  Eat: Ration            ||     1
Armor: Scale mail        ||    29
Dodge: Dodged            ||    14
Block: Kite shield       ||    31

Table legend:
 A = Non-vault XP
 B = Vault XP
 C = Vault XP percentage of total XP
 D = Non-vault monster count
 E = Vault monster count
 F = Vault count percentage of total count
                 A         B        C        D         E       F
            +---------+---------+-------+---------+---------+-------
      Total |      66 |       6 |   8.3 |      28 |       4 |  12.5
            +---------+---------+-------+---------+---------+-------
        D:1 |      52 |       6 |  10.3 |      22 |       4 |  15.4
        D:2 |      14 |       0 |   0.0 |       6 |       0 |   0.0
            +---------+---------+-------+---------+---------+-------
